 Dungeon Crawl Stone Soup version 0.18.1-5-g4a78601 (webtiles) character file.

301 George the Slasher (level 6, -1/44 HPs)
             Began as a Demonspawn Gladiator on May 11, 2016.
             Killed from afar by an orc wizard (7 damage)
             ... with a puff of flame
             ... on level 3 of the Dungeon.
             The game lasted 00:05:24 (3158 turns).

George the Slasher (Demonspawn Gladiator)           Turns: 3158, Time: 00:05:25

Health: -1/44      AC:  8    Str: 17    XL:     6   Next: 14%
Magic:  6/6        EV: 11    Int: 13    God:
Gold:   144        SH:  0    Dex: 14    Spells: 0 memorised, 5 levels left

rFire  . . .     SeeInvis .     a - +0 long sword
rCold  . . .     Gourm    .     v - +0 ring mail
rNeg   . . .     Faith    .     (no shield)
rPois  .         Spirit   .     c - +0 helmet
rElec  .         Dismiss  .     (no cloak)
rCorr  .         Reflect  .     (no gloves)
SustAt .         Harm     .     (no boots)
MR     .....                    (no amulet)
Stlth  +.........               (no ring)
                                x - +4 ring of intelligence

@: confused, not resistant to hostile enchantments, very unstealthy
A: thin metallic scales 1, nightstalker 1
a: no special abilities


You were on level 3 of the Dungeon.
You were not hungry.

You visited 1 branch of the dungeon, and saw 3 of its levels.

You collected 144 gold pieces.

Inventory:

Hand Weapons
 a - a +0 long sword (weapon)
 s - a +0 short sword
Missiles
 d - 3 throwing nets
 w - 7 javelins (quivered)
Armour
 c - a +0 helmet (worn)
 v - a +0 ring mail (worn)
Jewellery
 x - a +4 ring of intelligence (left hand)
Wands
 u - a wand of confusion (13/48)
Scrolls
 y - a scroll of remove curse {unknown}
Potions
 h - a potion of heal wounds
 i - a potion of might {unknown}
 n - a potion of curing {unknown}
 o - a potion of haste {unknown}
 q - a potion of mutation {unknown}
Comestibles
 f - 4 bread rations
 l - a beef jerky
 m - a meat ration
 p - a slice of pizza
 t - 2 chunks of flesh


   Skills:
 - Level 2.0 Fighting
 + Level 6.3 Long Blades
 - Level 1.7 Throwing
 - Level 2.6 Dodging


You had 5 spell levels left.
You didn't know any spells.

Dungeon Overview and Level Annotations

Branches:
Dungeon (3/15)

Altars:
Gozag
Kikubaaqudgha
Pakellas


Innate Abilities, Weirdness & Mutations

You are partially covered in thin metallic scales (AC +2).
You are slightly more attuned to the shadows.


Message History

The orc wizard hits you but does no damage.
You closely miss the orc wizard.
The orc wizard is lightly wounded.
The orc wizard gestures at you while chanting.
You are more confused.
You bump into the rock wall.
The orc wizard hits you but does no damage.
The orc wizard gestures wildly while chanting.
The orc wizard flickers and vanishes!
Deactivating autopickup; reactivate with Ctrl-A.
You hear some strange, mumbled words.
You are more confused.
Something hits you but does no damage.
Things that are here:
a club; an orc corpse You miss something.
You hear some strange, mumbled words.
A puff of flame appears from out of thin air!
The puff of flame hits you!
You die...

..............#.#
#.
#.#....####..#..#
#.#..........#.##
#.......####.#.#
. #.#.....# #....
#.##.#.....#
#.#..
...........#
#.....
.#..##)##.#
.#....@...##
.......{....#
###.###?###.# #
#.# .. #.# ## #.#
#.# #.#


There were no monsters in sight!

Vanquished Creatures
  Sigmund (D:2)
  An orc priest (D:3)
  Ijyb (D:1)
  A gnoll (D:1)
  2 adders
  An ooze (D:3)
  A dart slug (D:1)
  A worm (D:2)
  A giant gecko (D:3)
  An orc (D:3)
  2 ball pythons
  3 giant cockroaches
  6 goblins
  8 hobgoblins
  2 jackals (D:1)
  A quokka (D:2)
  5 bats
  3 giant newts
  8 kobolds
  3 rats
52 creatures vanquished.

Notes
Turn   | Place    | Note
--------------------------------------------------------------
     0 | D:1      | George the Demonspawn Gladiator began the quest for the Orb.
     0 | D:1      | Reached XP level 1. HP: 16/16 MP: 1/1
    17 | D:1      | Reached skill level 3 in Long Blades
    50 | D:1      | Gained mutation: You are partially covered in thin metallic scales (AC +2). [demonic ancestry]
    50 | D:1      | Reached XP level 2. HP: 16/22 MP: 2/2
   590 | D:1      | Reached XP level 3. HP: 10/27 MP: 3/3
  1120 | D:2      | Noticed Sigmund
  1396 | D:1      | Reached skill level 4 in Long Blades
  1730 | D:2      | Noticed Ijyb
  1790 | D:1      | Killed Ijyb
  1958 | D:1      | Reached XP level 4. HP: 20/33 MP: 4/4
  2522 | D:2      | Found an oddly glowing altar of Pakellas.
  2545 | D:2      | Found an opulent altar of Gozag.
  2660 | D:2      | Killed Sigmund
  2660 | D:2      | Reached skill level 6 in Long Blades
  2660 | D:2      | Gained mutation: You are slightly more attuned to the shadows. [demonic ancestry]
  2660 | D:2      | Reached XP level 5. HP: 21/38 MP: 5/5
  2881 | D:2      | Found an ancient bone altar of Kikubaaqudgha.
  3005 | D:3      | Reached XP level 6. HP: 35/44 MP: 6/6
  3158 | D:3      | Killed from afar by an orc wizard

Skill      XL: |  1  2  3  4 |
---------------+-------------+-----
Long Blades    | 3 4 6 |  6.3
Fighting       | |  2.0
Throwing       | |  1.7
Dodging        | |  2.6

Action                   |  1- 3 |  4- 6 || total
-------------------------+-------+-------++-------
Melee: Long sword        |   116 |    83 ||   199
Throw: Javelin           |       |     4 ||     4
       Throwing net      |       |     1 ||     1
  Use: Scroll            |     3 |     2 ||     5
  Eat: Chunk             |     3 |     4 ||     7
Armor: Leather armour    |    65 |       ||    65
       Ring mail         |     6 |    24 ||    30
Dodge: Dodged            |   137 |    39 ||   176
